 Dungeon Crawl Stone Soup version 0.21.0-3-g78d12a8 (webtiles) character file.

366 tidbits the Sneak (level 6, -1/32 HPs)
             Began as a Vine Stalker Conjurer on Jan 10, 2018.
             Slain by a killer bee (6 damage)
             ... on level 8 of the Dungeon.
             The game lasted 00:11:42 (1413 turns).

tidbits the Sneak (Vine Stalker Conjurer)           Turns: 1413, Time: 00:11:42

Health: -1/32      AC:  9    Str: 17 (18) XL:     6   Next: 68%
Magic:  0/10       EV: 11    Int: 14 (15) God:
Gold:   175        SH:  0    Dex: 12 (14) Spells: 5/9 levels left

rFire    . . .     SeeInvis .   a - +1 dagger (elec)
rCold    . . .     Gourm    .   (no shield)
rNeg     . . .     Faith    .   B - +0 ring mail
rPois    .         Spirit   +   E - +2 helmet
rElec    .         Reflect  .   (no cloak)
rCorr    +         Harm     .   (no gloves)
MR       .....                  f - +0 pair of boots
Stlth    ++........             (no amulet)
HPRegen  0.50/turn              K - ring of resist corrosion
MPRegen  0.12/turn              (no ring)

@: mighty, lethally poisoned (-1 -> -38)
A: fangs 2, regeneration 1, magic shield, antimagic bite, no potion heal 3, rot
immunity
a: no special abilities


You were on level 8 of the Dungeon.
You were not hungry.

You visited 1 branch of the dungeon, and saw 7 of its levels.

You collected 175 gold pieces.

Inventory:

Hand Weapons
 a - a +1 dagger of electrocution (weapon)
   (You found it on level 2 of the Dungeon)
 g - a +0 whip
 k - a cursed -2 hand axe
 m - a +0 shortbow
Missiles
 n - 45 arrows
 v - 4 tomahawks (quivered)
Armour
 f - a +0 pair of boots (worn)
 i - a +0 robe
 B - a +0 ring mail (worn)
 E - a +2 helmet (worn)
Jewellery
 K - a ring of resist corrosion (left hand)
   (You found it on level 3 of the Dungeon)
Wands
 e - a wand of enslavement (29)
 h - a wand of random effects (24)
 t - a wand of paralysis (10)
Scrolls
 q - a scroll of enchant weapon
Potions
 d - a potion of magic
 o - a potion of brilliance {unknown}
Books
 b - a book of Conjurations

   Spells                             Type                      Level
   a - Magic Dart                     Conjuration                  1
   b - Searing Ray                    Conjuration                  2
   c - Dazzling Spray                 Conjuration/Hexes            3
   d - Fulminant Prism                Conjuration/Hexes            4
   e - Force Lance                    Conjuration/Translocation    4
   f - Iskenderun's Mystic Blast      Conjuration                  4
 p - a book of Cantrips
   (You found it on level 3 of the Dungeon)

   Spells                             Type                      Level
   a - Confusing Touch                Hexes                        1
   b - Animate Skeleton               Necromancy                   1
   c - Summon Small Mammal            Summoning                    1
   d - Apportation                    Translocation                1
Comestibles
 c - 7 rations


   Skills:
 - Level 3.1 Fighting
 - Level 2.8 Short Blades
 - Level 1.5 Dodging
 - Level 5.4 Stealth
 - Level 2.1 Spellcasting
 - Level 4.0 Conjurations
 + Level 1.4 Necromancy
 - Level 0.5 Evocations


You had 5 spell levels left.
You knew the following spells:

 Your Spells              Type           Power        Failure   Level  Hunger
a - Magic Dart            Conj           ##..         9%          1    #......
b - Apportation           Tloc           #.....       41%         1    #......
n - Animate Skeleton      Necr           N/A          24%         1    #......
t - Confusing Touch       Hex            #.....       41%         1    #......


Dungeon Overview and Level Annotations

Branches:
Dungeon (6/15)
 Temple: D:4-7

Altars:

Annotations:
D:4 tidbits's ghost, amateur VSAE


Innate Abilities, Weirdness & Mutations

You have extremely sharp teeth.
Your natural rate of healing is unusually fast.
When hurt, damage is shared between your health and your magic reserves.
Your bite disrupts and absorbs the magic of your enemies.
Potions cannot restore your health.
You are immune to rotting.


Message History

There is a stone staircase leading down here.
Unknown command.
Unknown command.
Unknown command.
Unknown command.
Your ring mail prevents you from hitting the adder.
Your bite misses the adder. The adder misses you.
The adder bites you but does no damage. The adder bites you but does no damage.
You climb downwards.
There is a stone staircase leading up here.
Unknown command.
You closely miss the adder. The adder barely misses you.
You closely miss the adder. The adder misses you.
You hit the adder. Lightning courses through the adder!
You kill the adder!
You open the door.
Found 13 stones.
There is an open door here.
You see here 13 stones.
You open the door.
There is an open door here.
Found an escape hatch in the floor.
There is an escape hatch in the floor here.
Found 11 arrows.
Found 15 bolts.
Your magical contamination has completely faded away.
Found a scroll of identify.
n - 45 arrows (gained 11) Autopickup is now off.
You see here a scroll of identify.
As you read the scroll of identify, it crumbles to dust.
r - 2 potions of heal wounds Drop what? 25/52 slots (_ for help) (? for menu, Esc to quit)
You drop 2 potions of heal wounds.
Found 19 bolts.
You found a shaft!
There is a shaft here.
You fall through a shaft for 3 floors!
The shaft crumbles and collapses. 8 killer bees and a queen bee come into view.
The killer bee buzzes angrily. x6; The queen bee buzzes angrily.
The killer bee buzzes angrily.
As you read the scroll labeled ISIFRA IRUELE, it crumbles to dust.
The scroll dissolves into smoke.
It was a scroll of fog.
The killer bee stings you.
You are poisoned.
The killer bee poisons you! The killer bee barely misses you.
The killer bee stings you.
You are more poisoned.
The killer bee poisons you!
The killer bee stings you but does no damage.
The killer bee barely misses you.
As you read the scroll labeled ROOXTIPNAN, it crumbles to dust.
You feel blessed for a moment.
It was a scroll of remove curse.
You feel sick. The killer bee closely misses you.
The killer bee stings you but does no damage. x2
The killer bee closely misses you.
The killer bee stings you but does no damage. x2
The queen bee calls on the killer bee to defend it!
The killer bee goes berserk!
The killer bee closely misses you. The killer bee stings you.
The killer bee barely misses you.
The killer bee stings the plant.
The killer bee barely misses you.
It was a potion of might.
You feel very mighty all of a sudden.
You feel sick. The killer bee closely misses you.
The killer bee barely misses you. The killer bee closely misses you.
The killer bee stings you but does no damage.
The killer bee stings the plant.
The plant is poisoned.
The killer bee poisons the plant!
The killer bee stings you but does no damage.
The killer bee barely misses you. The killer bee stings you.
You are more poisoned.
The killer bee poisons you! The killer bee misses you.
The killer bee closely misses you.
The killer bee stings you but does no damage.
The killer bee stings you.
You are more poisoned.
The killer bee poisons you!
The killer bee stings the plant but does no damage.
It was a potion of degeneration.
There was something very wrong with that liquid.
You feel weakened.
You feel dopey.
You feel clumsy.
You feel sick. The killer bee completely misses you. The killer bee stings you.
* * * LOW HITPOINT WARNING * * *
You are lethally poisoned!
The killer bee poisons you! The killer bee stings you.
* * * LOW HITPOINT WARNING * * *
You are more poisoned.
The killer bee poisons you! The killer bee stings you!
* * * LOW HITPOINT WARNING * * *
The killer bee stings the plant but does no damage.
The killer bee stings you.
* * * LOW HITPOINT WARNING * * *
You are more poisoned.
The killer bee poisons you!
The killer bee stings you but does no damage.
The killer bee misses you. The killer bee closely misses you.
The killer bee stings you.
You die...

#P........P#
#P..P..P..P#
#P..P..P..P#
#P..P..P..P#
#P..P..P..P#
#P§§P§§P..P#


#P§yPPyP..P# #P§y@yyP..P# #P.yPyyP..P# #P.§y§§§y.P# ############ You could see a
queen bee and 8 killer bees.

Vanquished Creatures
  A phantom (D:5)
  A centaur (D:2)
  A crimson imp (D:5)
  An orc priest (D:5)
  An iguana (D:5)
  A hound skeleton (D:4)
  4 adders
  An ooze (D:3)
  An adder skeleton (D:5)
  A worm (D:5)
  2 dart slugs
  4 leopard geckos
  4 orcs (D:5)
  3 giant cockroaches
  2 goblins
  4 hobgoblins (D:2)
  A ball python (D:2)
  6 bats
  3 frilled lizards
  3 kobolds
  A quokka skeleton (D:5)
  5 rats
51 creatures vanquished.

Vanquished Creatures (others)
  An iguana (D:5)
1 creature vanquished.

Grand Total: 52 creatures vanquished

Notes
Turn   | Place    | Note
-------+----------+-------------------------------------------
     0 | D:1      | tidbits the Vine Stalker Conjurer began the quest for the Orb.
     0 | D:1      | Reached XP level 1. HP: 9/9 MP: 4/4
   196 | D:2      | Reached skill level 3 in Stealth
   196 | D:2      | Reached XP level 2. HP: 14/14 MP: 1/6
   225 | D:2      | Reached skill level 1 in Fighting
   371 | D:4      | Reached XP level 3. HP: 13/18 MP: 7/7
   574 | D:3      | Found a faded altar of an unknown god.
   619 | D:2      | Noticed a centaur
   626 | D:2      | Reached skill level 1 in Short Blades
   632 | D:2      | Killed a centaur
   632 | D:2      | Reached skill level 2 in Fighting
   632 | D:2      | Reached skill level 4 in Stealth
   632 | D:2      | Gained mutation: Your natural rate of healing is unusually fast. [Vine Stalker growth]
   632 | D:2      | Reached XP level 4. HP: 19/23 MP: 8/8
   632 | D:2      | Reached XP level 5. HP: 21/26 MP: 9/9
   844 | D:3      | Learned a level 1 spell: Animate Skeleton
   846 | D:3      | Learned a level 1 spell: Apportation
   848 | D:3      | Learned a level 1 spell: Confusing Touch
  1002 | D:5      | Entered Level 5 of the Dungeon
  1004 | D:5      | Noticed an ogre
  1005 | D:5      | Reached skill level 2 in Short Blades
  1029 | D:5      | Noticed a phantom
  1087 | D:5      | Noticed a sky beast
  1241 | D:5      | Reached skill level 5 in Stealth
  1241 | D:5      | Reached XP level 6. HP: 31/32 MP: 6/10
  1287 | D:5      | Killed a phantom
  1287 | D:5      | Reached skill level 3 in Fighting
  1315 | D:5      | Reached skill level 1 in Necromancy
  1343 | D:4      | Noticed tidbits's ghost (amateur VSAE)
  1409 | D:5      | You fall through a shaft for 3 floors!
  1409 | D:8      | Noticed a queen bee
  1413 | D:8      | Slain by a killer bee

Skill      XL: |  1  2  3  4  5  6 |
---------------+-------------------+-----
Stealth        | 3 4 5 |  5.4
Fighting       | 1 2 3 |  3.1
Short Blades   | 1 2 |  2.8
Necromancy     | 1 |  1.4
Dodging        | |  1.5
Spellcasting   | |  2.1
Conjurations   | |  4.0
Evocations     | |  0.5

Action                   |  1- 3 |  4- 6 || total
-------------------------+-------+-------++-------
Melee: Bite              |     9 |     6 ||    15
       Unarmed           |     3 |       ||     3
       Whip              |    16 |       ||    16
       Dagger            |    25 |    51 ||    76
 Cast: Magic Dart        |    31 |    24 ||    55
Evoke: Wand              |       |     7 ||     7
  Use: Potion            |     1 |     2 ||     3
       Scroll            |       |     7 ||     7
 Stab: Sleeping          |     2 |     2 ||     4
       Paralysed         |       |     1 ||     1
  Eat: Ration            |       |     1 ||     1
Armor: Robe              |     2 |       ||     2
       Ring mail         |    16 |    27 ||    43
Dodge: Dodged            |    33 |    37 ||    70

Table legend:
 A = Turns spent in this place as a percentage of turns spent in the entire game.
 B = Non-inter-level travel turns spent in this place as a percentage of non-inter-level travel turns spent in the entire game.
 C = Inter-level travel turns spent in this place as a percentage of turns spent in this place.
 D = Turns resting spent in this place as a percentage of non-inter-level travel turns spent in this place.
 E = Turns spent auto-exploring this place as a percentage of non-inter-level travel turns spent in this place.
 F = Non-inter-level travel turns spent in this place divided by the number of levels of this place that you've seen.
                   A       B       C       D       E      F
               +-------+-------+-------+-------+-------+----------------------
         Total | 100.0 | 100.0 |   0.8 |   0.0 |   0.0 | 200.1
       Dungeon | 100.0 | 100.0 |   0.8 |   0.0 |   0.0 | 200.1
               +-------+-------+-------+-------+-------+----------------------

Table legend:
 A = Kills in this place as a percentage of kills in entire the game.
 B = Kills by you in this place as a percentage of kills by you in the entire game.
 C = Kills by friends in this place as a percentage of kills by friends in the entire game.
 D = Other kills in this place as a percentage of other kills in the entire game.
 E = Experience gained in this place as a percentage of experience gained in the entire game.
 F = Experience gained in this place divided by the number of levels of this place that you have seen.
                   A       B       C       D       E      F
               +-------+-------+-------+-------+-------+----------------------
         Total | 100.0 | 100.0 |   N/A |   N/A | 100.0 |  74.9
       Dungeon | 100.0 | 100.0 |   N/A |   N/A | 100.0 |  74.9
               +-------+-------+-------+-------+-------+----------------------

Vault maps used:
D:1:      saegor_arrival_miasma, minmay_heptomino_h4
D:2:      cheibriados_altar_1, first_ration, minmay_box_of_dots
D:3:      chequers_ecumenical_altar_simple
D:4:      uniq_sigmund
D:6:      tso_metal_star
D:8:      basic_altar, grunt_livestock, nicolae_looking_at_the_future,
          uniq_prince_ribbit1, uniq_maurice, uniq_grum
